 Dungeon Crawl Stone Soup version 0.22-a0-833-g8522bf8 (webtiles) character file.

524134 Amnesiac the Eclecticist (level 24, -2/189 HPs)
             Began as a Mummy Earth Elementalist on July 26, 2018.
             Was the Champion of Vehumet.
             Slain by a death cob (31 damage)
             ... on level 3 of the Realm of Zot.
             The game lasted 02:27:04 (61829 turns).

Amnesiac the Eclecticist (MuEE)                    Turns: 61829, Time: 02:27:05

Health: -2/189     AC: 21    Str: 12    XL:     24   Next: 20%
Magic:  31/43      EV: 22    Int: 23    God:    Vehumet [******]
Gold:   3082       SH: 16    Dex: 14    Spells: 8/56 levels left

rFire    + . .     SeeInvis +   a - +12 Vampire's Tooth {vamp}
rCold    + . .     Gourm    .   G - +3 shield {AC+3}
rNeg     + + +     Faith    .   U - +2 robe {rF+}
rPois    ∞         Spirit   .   E - +2 helmet {SInv}
rElec    .         Reflect  .   x - +0 cloak
rCorr    .         Harm     .   F - +2 pair of gloves
MR       +++..                  X - +1 pair of boots "Fihu" {rF+}
Stlth    ++........             Z - amulet "Piod" {RegenMP Slay+2}
HPRegen  0.41/turn              z - +2 ring of slaying
MPRegen  0.53/turn              h - +5 ring of protection

@: contaminated, slowed, glowing, very slow
A: no food or potions, fire vulnerability, cold resistance 1, negative energy
resistance 3, torment resistance, unbreathing, in touch with death 1
}: 3/15 runes: decaying, serpentine, slimy
a: Renounce Religion


You were on level 3 of the Realm of Zot.
You worshipped Vehumet.
Vehumet was exalted by your worship.
You were not hungry.

You visited 10 branches of the dungeon, and saw 48 of its levels.
You visited the Abyss 2 times.
You also visited: Sewer.

You collected 6319 gold pieces.
You spent 3237 gold pieces at shops.

Inventory:

Hand Weapons
 a - the +12 Vampire's Tooth (weapon) {vamp}
   (You found it on level 4 of the Dungeon)

   It inflicts no extra harm, but heals its wielder when it wounds a living foe.
 g - a +0 blowgun
 t - a +9 quick blade of flaming
Missiles
 n - 185 poisoned needles
 u - 1792 arrows
 y - 1394 stones (quivered)
Armour
 x - a +0 cloak (worn)
 E - a +2 helmet of see invisible (worn)
 F - a +2 pair of gloves (worn)
 G - a +3 shield of protection (worn)
 H - a +1 cloak
 S - a scarf of repulsion
 U - a +2 robe of fire resistance (worn)
 X - the +1 pair of boots "Fihu" (worn) {rF+}
   (You found it on level 3 of the Depths)

   It protects you from fire.
Magical Staves
 b - an uncursed staff of conjuration
 N - an uncursed staff of earth
Jewellery
 c - a +4 ring of protection
 e - an uncursed ring of protection from fire
 h - a +5 ring of protection (right hand)
 z - a +2 ring of slaying (left hand)
 B - an uncursed ring of protection from cold {unknown}
 O - an uncursed ring of magical power
 P - an uncursed ring of wizardry
 Z - the amulet "Piod" (around neck) {RegenMP Slay+2}
   (You found it on level 5 of the Pits of Slime)

   [amulet of magic regeneration]

   It increases your magic regeneration.
   It affects your accuracy and damage with ranged weapons and melee attacks
   (+2).
Wands
 d - a wand of enslavement (53)
 f - a wand of digging (74)
 v - a wand of scattershot (5)
 D - a wand of iceblast (80)
 I - a wand of paralysis (57)
 Q - a wand of clouds (3)
 R - a wand of disintegration (28)
 W - a wand of acid (9)
Scrolls
 i - 4 scrolls of magic mapping {!r}
 j - a scroll of summoning {!r}
 k - 3 scrolls of silence {!r}
 l - 11 scrolls of remove curse {!r}
 m - 7 scrolls of amnesia {!r}
 o - 22 scrolls of teleportation {!r}
 p - 8 scrolls of fog {!r}
 q - a scroll of enchant armour {!r}
 r - 9 scrolls of fear {!r}
 s - 35 scrolls of identify {!r}
 C - a scroll of torment {!r}
Miscellaneous
 w - 3 sacks of spiders
 A - a fan of gales
 L - a crystal ball of energy
 T - a lamp of fire


   Skills:
 - Level 15.5 Fighting
 - Level 8.0 Short Blades
 - Level 15.4 Dodging
 - Level 8.0 Stealth
 - Level 15.0 Shields
 + Level 16.8 Spellcasting
 * Level 16.8 Conjurations
 - Level 4.0 Charms
 - Level 4.0 Transmutations
 - Level 4.0 Air Magic
 * Level 16.8 Earth Magic


You had 8 spell levels left.
You knew the following spells:

 Your Spells              Type           Power        Failure   Level  Hunger
a - Lehudib's Crystal Sp  Conj/Erth      #######...   5%          8    N/A
b - Passwall              Tmut/Erth      ######..     1%          2    N/A
c - Iron Shot             Conj/Erth      #######...   1%          6    N/A
d - Lee's Rapid Deconstr  Erth           #######...   1%          5    N/A
e - Petrify               Tmut/Erth      ######..     1%          4    N/A
f - Sticks to Snakes      Tmut           #####...     1%          2    N/A
g - Spectral Weapon       Hex/Chrm       ####....     3%          3    N/A
h - Sandblast             Erth           ######       0%          1    N/A
i - Deflect Missiles      Chrm/Air       #####.....   63%         6    N/A
j - Apportation           Tloc           ###...       2%          1    N/A
v - Blink                 Tloc           N/A          4%          2    N/A
w - Irradiate             Conj/Tmut      ######....   1%          5    N/A
z - Ozocubu's Armour      Chrm/Ice       ####....     3%          3    N/A

Your spell library contained the following spells:

 Spells                   Type           Power        Failure   Level  Hunger
 Cause Fear               Hex            ###.......   28%         4    N/A
 Magic Dart               Conj           ####         0%          1    N/A
 Fireball                 Conj/Fire      ######....   1%          5    N/A
 Conjure Flame            Conj/Fire      ######..     1%          3    N/A
 Bolt of Fire             Conj/Fire      ######....   4%          6    N/A
 Bolt of Magma            Conj/Fire/Erth ######....   1%          5    N/A
 Slow                     Hex            ###.....     4%          2    N/A
 Confuse                  Hex            ###.....     9%          3    N/A
 Throw Frost              Conj/Ice       ######       1%          2    N/A
 Controlled Blink         Tloc           N/A          100%        8    N/A
 Mephitic Cloud           Conj/Pois/Air  ######..     1%          3    N/A
 Ring of Flames           Chrm/Fire      ####......   100%        7    N/A
 Venom Bolt               Conj/Pois      ######....   1%          5    N/A
 Summon Small Mammal      Summ           ###.         2%          1    N/A
 Bolt of Draining         Conj/Necr      ######....   1%          5    N/A
 Fire Storm               Conj/Fire      ######....   100%        9    N/A
 Iskenderun's Mystic Bla  Conj           #######.     1%          4    N/A
 Animate Skeleton         Necr           N/A          2%          1    N/A
 Freeze                   Ice            ###.         1%          1    N/A
 Summon Ice Beast         Ice/Summ       ###.....     28%         4    N/A
 Call Imp                 Summ           ###.....     4%          2    N/A
 Poison Arrow             Conj/Pois      ######....   4%          6    N/A
 Regeneration             Chrm/Necr      #####.....   3%          3    N/A
 Tukima's Dance           Hex            ###.....     9%          3    N/A
 Summon Demon             Summ           ###.......   61%         5    N/A
 Stone Arrow              Conj/Erth      ######       0%          3    N/A
 Recall                   Summ/Tloc      N/A          9%          3    N/A
 Spider Form              Tmut/Pois      ####......   3%          3    N/A
 Blade Hands              Tmut           #####.....   16%         5    N/A
 Statue Form              Tmut/Erth      ######...    6%          6    N/A
 Ice Form                 Ice/Tmut       ####....     12%         4    N/A
 Dragon Form              Tmut           #####.....   99%         7    N/A
 Death Channel            Necr           ####......   99%         6    N/A
 Throw Icicle             Conj/Ice       ######..     1%          4    N/A
 Glaciate                 Conj/Ice       ######....   100%        9    N/A
 Shadow Creatures         Summ           N/A          99%         6    N/A
 Confusing Touch          Hex            ###...       2%          1    N/A
 Flame Tongue             Conj/Fire      #####        1%          1    N/A
 Ensorcelled Hibernation  Hex/Ice        ###...       4%          2    N/A
 Metabolic Englaciation   Hex/Ice        ###.......   61%         5    N/A
 Silence                  Hex/Air        ####......   34%         5    N/A
 Dispersal                Tloc           ###.......   99%         6    N/A
 Static Discharge         Conj/Air       ######..     1%          3    N/A
 Corona                   Hex            ###....      2%          1    N/A
 Simulacrum               Ice/Necr       ####......   99%         6    N/A
 Chain Lightning          Conj/Air       ######....   52%         8    N/A
 Portal Projectile        Hex/Tloc       ###...       9%          3    N/A
 Orb of Destruction       Conj           #######...   1%          7    N/A
 Shroud of Golubria       Chrm/Tloc      ####......   1%          2    N/A
 Aura of Abjuration       Summ           ###.......   61%         5    N/A
 Beastly Appendage        Tmut           #####.       1%          1    N/A
 Disjunction              Tloc           ###.......   100%        8    N/A
 Iskenderun's Battlesphe  Conj/Chrm      ######..     1%          5    N/A
 Fulminant Prism          Conj/Hex       ######....   1%          4    N/A
 Dazzling Spray           Conj/Hex       ######       1%          3    N/A
 Force Lance              Conj/Tloc      ######..     1%          4    N/A
 Infusion                 Chrm           ####         1%          1    N/A
 Song of Slaying          Chrm           #####...     1%          2    N/A
 Searing Ray              Conj           ######       0%          2    N/A
 Discord                  Hex            ###.......   100%        8    N/A
 Summon Forest            Summ/Tloc      ###.......   61%         5    N/A
 Dragon's Call            Summ           ###.......   100%        9    N/A
 Spellforged Servitor     Conj/Summ      ######....   19%         7    N/A
 Summon Mana Viper        Hex/Summ       ###.....     61%         5    N/A
 Hydra Form               Tmut           #####.....   63%         6    N/A
 Gell's Gravitas          Tloc           ###.......   9%          3    N/A
 Yara's Violent Unravell  Hex/Tmut       ####......   10%         5    N/A

Dungeon Overview and Level Annotations

Branches:
Dungeon (15/15)            Temple (1/1) D:4            Lair (6/6) D:10
  Swamp (4/4) Lair:4        Snake (4/4) Lair:4        Slime (5/5) Lair:6
    Orc (2/2) D:10            Elf (3/3) Orc:2        Vaults (0/5) D:13
 Depths (5/5) D:15            Zot (3/5) Depths:5

Altars:
Ashenzari
Cheibriados
Dithmenos
Elyvilon
Fedhas
Kikubaaqudgha
Makhleb
Okawaru
Qazlal
Sif Muna
Trog
Vehumet
Wu Jian
Yredelemnul
The Shining One
Beogh
Jiyva

Shops:
D:12 :   Orc:1 (   Orc:2 *(==   Elf:3 :   Snake:1 ==}   Depths:5 (*

Portals:
Hell: Depths:1 Depths:2 Depths:3 Depths:4 Depths:5
Abyss: Depths:3 Depths:4
Pandemonium: Depths:1 Depths:3 Depths:4
Ziggurat: Depths:4

Annotations:
D:4 Edmund
D:11 Snorg
D:12 Rupert
Lair:5 Uwohoex's ghost, journeyman TrMo


Innate Abilities, Weirdness & Mutations

You do not eat or drink.
Your flesh is vulnerable to fire.
You are immune to poison.
Your flesh is cold resistant. (rC+)
You are immune to negative energy. (rN+++)
You are immune to unholy pain and torment.
You can survive without breathing.
You are in touch with the powers of death.


Message History

The purple draconian is blasted with magical radiation!
The purple draconian is almost dead.
The purple draconian twists and deforms.
The black draconian is blasted with magical radiation!
The black draconian is heavily wounded.
The black draconian twists and deforms.
The green draconian knight is blasted with magical radiation!
You kill the green draconian knight!
Vehumet accepts your kill.
You are contaminated with residual magic.
The death cob hits you!
* * * LOW HITPOINT WARNING * * *
The death cob hits you!!
* * * LOW HITPOINT WARNING * * *
The black draconian misses you.
The purple draconian hits you but does no damage.
You block the death cob's attack. The yellow draconian barely misses you.
The black draconian closely misses you.
Unknown command.
Casting: Irradiate (safe; 1% risk of failure)
Confirm with . or Enter, or press ? or * to list all spells.
You erupt in a fountain of uncontrolled magic!
The death cob is blasted with magical radiation!
The death cob is severely damaged.
The yellow draconian is blasted with magical radiation!
The yellow draconian is moderately wounded.
The yellow draconian twists and deforms.
The purple draconian is blasted with magical radiation!
You kill the purple draconian!
Vehumet accepts your kill.
You feel your power returning.
The black draconian is blasted with magical radiation!
The black draconian is severely wounded.
The black draconian twists and deforms.
The yellow draconian is blasted with magical radiation!
You kill the yellow draconian!
Vehumet accepts your kill. The death cob completely misses you.
The death cob hits you!!
* * * LOW HITPOINT WARNING * * *
The death cob drains your vigour!
You feel as though you will be slow longer.
You block the death cob's attack.
A moth of wrath comes into view.
You block the yellow draconian's attack.
The death cob barely misses you. You block the black draconian's attack.
The yellow draconian throws acid at you.
The glob of acid hits you!
You are splashed with acid!
The acid burns!
* * * LOW HITPOINT WARNING * * *
Unknown command.
Casting: Irradiate (safe; 1% risk of failure)
Confirm with . or Enter, or press ? or * to list all spells.
You erupt in a fountain of uncontrolled magic!
The death cob is blasted with magical radiation!
The death cob is almost destroyed.
The yellow draconian is blasted with magical radiation!
The yellow draconian is almost dead.
The yellow draconian twists and deforms.
The black draconian is blasted with magical radiation!
You kill the black draconian!
Vehumet accepts your kill.
You feel your power returning. You block the death cob's attack.
The death cob hits you but does no damage.
The death cob hits you!!
You die...

*,,,*,,**,,.####......,,,,,,,
*****,,**,,,..........,,,,,,,
*,,**,,,,.......,,,,,,,,,
*,,******#...#*,,,**,,,,*
*,,* #<..#*,,,**,,,,, *,,*
#...#*,,,,,,,,,,
*,,*######d..##..,,,,,,,,
*,,*#..z))........,,,,,,,
*,,*#..d@)...y....,,,,,,,
*,,*##q####<..####**,,,,,
*,,*..§# *####*,,,,,,,**
*,,#..d#********,,,,,,,**
**,,#....,**,,,**,,,,,,,**
*,,,##...,,,,,,,,,,,,,,,,,
*,,,,....,,,,,,,,,,,,,,,,,
*,,,,.....,,,,,,,,,,,,,,,,
*,,,,,,,,,,*,,,******,,,*,


You could see a yellow draconian, a green draconian, a white draconian shifter,
a death cob and a moth of wrath.

Vanquished Creatures
  the Royal Jelly (Slime:5)
  A juggernaut (Depths:2)
  Saint Roka (Elf:2)
  3 golden dragons
  A bone dragon (Abyss:2)
  the Enchantress (Depths:3)
  4 liches
  3 tentacled monstrosities
  A titan (Depths:4)
  A quicksilver dragon (Zot:2)
  2 deep elf blademasters
  Asterion (Elf:2)
  2 tentacled starspawn (Abyss:2)
  A sphinx (Depths:1)
  A death cob (Depths:5)
  29 acid blobs
  Frances (D:14)
  A shadow dragon (Depths:1)
  A thorn hunter (Swamp:4)
  A draconian monk (Depths:5)
  2 tengu reavers (Depths:4)
  Roxanne (D:14)
  2 storm dragons
  16 nagarajas
  6 fire giants
  6 frost giants
  A cacodemon (Depths:4)
  8 azure jellies
  3 draconian knights
  2 draconian shifters (Zot:2)
  An iron dragon (Depths:2)
  An angel (Depths:4)
  Louise (Snake:1)
  An orc warlord (Orc:2)
  A balrug (Depths:1)
  A deep elf elementalist (Elf:3)
  A draconian annihilator (Zot:3)
  12 deep elf sorcerers
  6 spriggan defenders
  14 stone giants
  6 caustic shrike skeletons (Depths:3)
  19 very ugly things
  A deep elf demonologist (Abyss:2)
  5 deep elf annihilators (Elf:3)
  3 black draconians
  3 red draconians (Zot:1)
  2 vampire knights (Depths:4)
  2 pale draconians (Depths:5)
  2 green draconians (Depths:5)
  2 dire elephants
  4 purple draconians
  3 yellow draconians
  A lorocyproca (Abyss:2)
  5 white draconians
  9 death oozes
  7 spark wasps
  8 ettins
  2 merfolk javelineers (Depths:4)
  8 fire dragons
  4 deep elf death magi
  6 yaktaur captains
  6 deep elf high priests
  20 naga warriors
  8 vault guards (D:13)
  10 ice dragons
  An ice dragon (shapeshifter) (Depths:1)
  2 ghost crabs
  A great orb of eyes (shapeshifter) (Depths:1)
  19 hydras
  3 rakshasas
  18 great orbs of eyes
  5 spriggan air magi
  4 catoblepae
  15 alligators
  9 two-headed ogres
  4 tengu warriors
  14 anacondas
  14 centaur warriors
  7 ogre magi
  9 deep troll shamans
  25 dancing weapons
  A vampire mage (Depths:2)
  Urug (Lair:5)
  6 deep troll earth magi
  2 shock serpents (Snake:2)
  8 spriggan berserkers
  5 death yaks
  5 orc high priests (Orc:2)
  25 deep elf knights
  12 naga sharpshooters
  A soul eater (Depths:3)
  A spectral death yak (Lair:6)
  Nergalle (D:12)
  3 sun demons
  4 iron trolls
  3 sixfirhies
  A salamander mystic (Snake:3)
  12 spriggan druids
  9 skeletal warriors (D:15)
  A spectral hydra (Lair:6)
  2 unseen horrors
  13 deep trolls
  7 hell knights
  A swamp dragon (shapeshifter) (Depths:1)
  12 swamp dragons
  A wizard (D:15)
  10 deep elf archers
  2 glowing orange brains
  3 flayed ghosts
  10 naga ritualists
  A shambling mangrove (Swamp:4)
  6 orc knights
  2 necromancers
  A harpy (shapeshifter) (Elf:1)
  A wolf spider (shapeshifter) (Depths:1)
  22 ugly things
  58 deep elf magi
  An orb spider (shapeshifter) (Depths:1)
  10 mana vipers
  8 shining eyes
  4 orc sorcerers
  A mana viper (shapeshifter) (Depths:1)
  9 elephants
  An elephant (shapeshifter) (Depths:1)
  6 moths of wrath
  5 cyclopes
  2 centaur zombies
  6 salamanders
  23 naga magi
  Maurice (D:9)
  2 guardian serpents
  A smoke demon (Abyss:2)
  2 torpor snails (Lair:5)
  2 eyes of devastation
  A rust devil (Depths:5)
  Joseph (Lair:1)
  38 black mambas
  3 komodo dragons
  An orange demon (Depths:4)
  3 rime drakes
  2 efreet
  27 yaktaurs
  A kobold demonologist (D:15)
  15 spiny frogs
  A komodo dragon (shapeshifter) (Depths:1)
  An ancient zyme (Abyss:2)
  A demonic crawler (Abyss:2)
  A rime drake (shapeshifter) (Elf:1)
  An ice devil (Depths:4)
  5 freezing wraiths
  A harpy zombie (D:15)
  5 tengu conjurers
  8 trolls
  4 queen bees (shapeshifter)
  3 meliai (D:14)
  2 polar bears
  A jumping spider (shapeshifter) (Depths:5)
  A raiju (shapeshifter) (Depths:1)
  136 slime creatures
  17 tyrant leeches
  A wind drake (shapeshifter) (Depths:1)
  5 raiju (Abyss:2)
  13 blink frogs
  10 hippogriffs
  11 bog bodies
  A hippogriff (shapeshifter) (Elf:1)
  9 dream sheep (Lair:6)
  31 hornets
  5 flying skulls (Abyss:2)
  8 wyverns
  A spriggan (shapeshifter) (Depths:1)
  9 shadows
  A centaur simulacrum (D:14)
  2 air elementals
  56 spriggans
  4 water elementals
  A wraith (D:14)
  A yak (shapeshifter) (Depths:1)
  3 ynoxinuls
  38 yaks
  3 fire elementals
  2 basilisks
  A human (shapeshifter) (Depths:1)
  A neqoxec (Abyss:2)
  11 golden eyes
  A human (D:13)
  3 steam dragons (Depths:5)
  4 small abominations
  A spectral komodo dragon (Lair:6)
  7 vampire mosquitoes
  5 large abominations (Abyss:2)
  2 hungry ghosts
  A warg (shapeshifter) (Depths:1)
  A swamp worm (shapeshifter) (D:15)
  49 nagas
  30 insubstantial wisps
  A hydra simulacrum (Lair:6)
  An acid dragon (D:15)
  8 wargs
  2 soldier ants (shapeshifter)
  16 swamp worms
  9 water moccasins
  A floating eye (Slime:2)
  3 black bears
  43 orc warriors
  10 porcupines
  16 swamp drakes
  7 ice beasts
  3 elephant zombies (Lair:4)
  8 eyes of draining
  3 sky beasts
  A spectral torpor snail (Lair:6)
  20 ogres
  3 phantoms
  9 boggarts
  A necrophage (Swamp:3)
  A tengu (shapeshifter) (Depths:1)
  10 crocodiles
  14 wolves
  22 centaurs
  A centaur (shapeshifter) (Depths:2)
  Blork the orc (D:4)
  6 big kobolds
  18 bullfrogs
  A gnoll sergeant (D:9)
  4 earth elementals
  6 scorpions
  12 killer bees
  4 wights (D:9)
  A dream sheep simulacrum (Lair:6)
  12 electric eels
  2 howler monkeys (D:7)
  2 vampire bats (D:4)
  10 crimson imps
  A lava snake (Lair:2)
  2 quasits
  6 starcursed masses (Abyss:2)
  3 bullfrog zombies
  7 jellies
  A gnoll shaman (D:7)
  6 hounds
  22 orc priests
  4 centaur skeletons
  32 orc wizards
  A bullfrog skeleton (D:7)
  6 iguanas
  6 hell rats (Lair:1)
  10 worker ants
  A crocodile zombie (Lair:4)
  A hound skeleton (D:5)
  A howler monkey skeleton (D:6)
  20 gnolls
  21 adders
  17 river rats (Lair:1)
  3 shadow imps
  4 white imps
  4 ufetubi
  10 oozes
  2 adder skeletons
  4 worms (Sewer)
  6 dart slugs
  9 leopard geckos
  143 orcs
  7 giant cockroaches
  32 goblins
  19 hobgoblins
  6 quokkas
  5 ball pythons
  12 bats
  3 frilled lizards
  38 kobolds
  A leopard gecko skeleton (D:6)
  A leopard gecko zombie (D:7)
  A quokka zombie (D:6)
  20 rats
  A spectral orc (D:2)
  A butterfly (Lair:5)
  3 crawling corpses (Elf:3)
  A plant (Lair:5)
  3 starspawn tentacles (Abyss:2)
2187 creatures vanquished.

Vanquished Creatures (collateral kills)
  3 slime creatures (Slime:4)
  A golden eye (Slime:4)
4 creatures vanquished.

Vanquished Creatures (others)
  Vashnia (Snake:2)
  A deep elf master archer (Elf:3)
  An ogre mage (Depths:3)
  2 naga sharpshooters
  2 deep elf archers
  A naga ritualist (Snake:4)
  A deep elf mage (Elf:1)
  3 dream sheep (Lair:6)
  An air elemental (Elf:1)
  A swamp worm (Swamp:2)
  An orc priest (D:12)
  3 orc wizards
  3 kobolds (D:11)
  A bush (Depths:3)
  32 plants
  3 starspawn tentacles (Abyss:2)
  18 withered plants (Swamp:3)
75 creatures vanquished.

Grand Total: 2266 creatures vanquished

Notes
Turn   | Place    | Note
-------+----------+-------------------------------------------
     0 | D:1      | Amnesiac the Mummy Earth Elementalist began the quest for the Orb.
     0 | D:1      | Reached XP level 1. HP: 13/13 MP: 4/4
   139 | D:2      | Found an iron altar of Okawaru.
   192 | D:2      | Reached XP level 2. HP: 19/19 MP: 3/6
   319 | D:3      | Learned a level 2 spell: Passwall
   377 | D:4      | Found a staircase to the Ecumenical Temple.
   404 | D:4      | Found a bloodstained altar of Trog.
   450 | Temple   | Entered the Ecumenical Temple
   459 | Temple   | Became a worshipper of Vehumet
   612 | D:3      | Reached XP level 3. HP: 23/24 MP: 7/7
   631 | D:3      | Learned a level 3 spell: Stone Arrow
   731 | D:3      | Found a glowing drain.
   743 | Sewer    | Entered a sewer
   881 | Sewer    | Reached XP level 4. HP: 18/30 MP: 9/9
   981 | Sewer    | Reached * piety under Vehumet
   981 | Sewer    | Offered knowledge of Sting by Vehumet.
  1177 | Sewer    | Noticed a big kobold
  1191 | Sewer    | Killed a big kobold
  1191 | Sewer    | Reached XP level 5. HP: 35/35 MP: 9/11
  1427 | Sewer    | Reached XP level 6. HP: 26/41 MP: 11/13
  1433 | Sewer    | Learned a level 4 spell: Petrify
  1541 | D:3      | Reached ** piety under Vehumet
  1541 | D:3      | Reached skill level 5 in Earth Magic
  1542 | D:3      | Offered knowledge of Searing Ray by Vehumet.
  1685 | D:1      | Reached skill level 5 in Spellcasting
  2664 | D:2      | Found a faded altar of an unknown god.
  2728 | D:2      | Found a basalt altar of Yredelemnul.
  3221 | D:3      | Offered knowledge of Conjure Flame by Vehumet.
  3891 | D:4      | Noticed Blork the orc
  3921 | D:4      | Noticed Edmund
  3982 | D:4      | Killed Blork the orc
  3982 | D:4      | Reached XP level 7. HP: 42/46 MP: 11/15
  3990 | D:4      | Found the +12 Vampire's Tooth {vamp}
  4049 | D:4      | Reached *** piety under Vehumet
  4058 | D:5      | Entered Level 5 of the Dungeon
  4076 | D:5      | Learned a level 5 spell: Lee's Rapid Deconstruction
  4597 | D:5      | Reached skill level 1 in Short Blades
  4629 | D:5      | Found a white marble altar of Elyvilon.
  4685 | D:5      | Reached XP level 8. HP: 35/52 MP: 17/17
  4836 | D:5      | Found an ornate altar of the Wu Jian Council.
  4847 | D:5      | Found an ancient bone altar of Kikubaaqudgha.
  4874 | D:5      | Offered knowledge of Olgreb's Toxic Radiance by Vehumet.
  5703 | D:6      | Reached **** piety under Vehumet
  5725 | D:6      | Found a shattered altar of Ashenzari.
  5730 | D:6      | Reached skill level 5 in Short Blades
  5883 | D:6      | Offered knowledge of Sticky Flame by Vehumet.
  6173 | D:6      | Reached ***** piety under Vehumet
  6173 | D:6      | Offered knowledge of Throw Icicle by Vehumet.
  6298 | D:6      | Reached XP level 9. HP: 51/57 MP: 14/18
  6302 | D:6      | Learned a level 2 spell: Sticks to Snakes
  6539 | D:7      | Found a burning altar of Makhleb.
  6761 | D:7      | Reached skill level 1 in Shields
  6853 | D:7      | Noticed a two-headed ogre
  6862 | D:7      | Killed a two-headed ogre
  6993 | D:7      | Reached XP level 10. HP: 61/63 MP: 19/19
  7110 | D:7      | Found a deep blue altar of Sif Muna.
  7215 | D:7      | Reached skill level 1 in Fighting
  7215 | D:7      | Reached skill level 5 in Shields
  7302 | D:8      | Found a stormy altar of Qazlal.
  7373 | D:8      | Found a snail-covered altar of Cheibriados.
  7413 | D:8      | Found a shadowy altar of Dithmenos.
  7665 | D:8      | Noticed a two-headed ogre
  7675 | D:8      | Killed a two-headed ogre
  8206 | D:9      | Offered knowledge of Force Lance by Vehumet.
  8279 | D:9      | Found a blossoming altar of Fedhas.
  8512 | D:9      | Found a glowing golden altar of the Shining One.
  8715 | D:9      | Noticed a two-headed ogre
  8723 | D:9      | Killed a two-headed ogre
  8723 | D:9      | Reached skill level 5 in Fighting
  8723 | D:9      | Reached skill level 5 in Dodging
  8751 | D:9      | Noticed Maurice
  8795 | D:9      | Killed Maurice
  9239 | D:10     | Entered Level 10 of the Dungeon
  9274 | D:10     | Found a staircase to the Orcish Mines.
  9356 | D:10     | Reached XP level 11. HP: 81/81 MP: 20/20
  9818 | D:10     | Found a staircase to the Lair.
 10534 | D:11     | Noticed Snorg
 10622 | D:11     | Noticed a purple ugly thing
 10654 | D:11     | Killed a purple ugly thing
 10880 | D:12     | Noticed Nergalle
 10906 | D:12     | Killed Nergalle
 11111 | D:12     | Found Deruc's Book Boutique.
 11135 | D:12     | Killed an unseen horror
 11239 | D:12     | Noticed Rupert
 11319 | D:12     | Noticed a purple ugly thing
 11335 | D:12     | Killed a purple ugly thing
 11335 | D:12     | Reached skill level 1 in Transmutations
 11465 | D:12     | Reached skill level 1 in Conjurations
 12093 | D:13     | Reached XP level 12. HP: 82/92 MP: 21/21
 12167 | D:13     | Noticed a vault guard
 12167 | D:13     | Noticed a vault guard
 12189 | D:13     | Found a gate to the Vaults.
 12189 | D:13     | Noticed a vault guard
 12189 | D:13     | Noticed a vault guard
 12189 | D:13     | Noticed a vault guard
 12189 | D:13     | Noticed a vault guard
 12190 | D:13     | Noticed a vault guard
 12193 | D:13     | Noticed a vault guard
 12222 | D:13     | Killed a vault guard
 12223 | D:13     | Noticed a centaur warrior
 12253 | D:13     | Killed a vault guard
 12253 | D:13     | Offered knowledge of Bolt of Cold by Vehumet.
 12264 | D:13     | Killed a vault guard
 12267 | D:13     | Noticed a centaur warrior
 12296 | D:13     | Killed a vault guard
 12298 | D:13     | Killed a centaur warrior
 12315 | D:13     | Killed a centaur warrior
 12333 | D:13     | Killed a vault guard
 12354 | D:13     | Killed a vault guard
 12392 | D:13     | Killed a vault guard
 12396 | D:13     | Killed a vault guard
 12528 | D:13     | Noticed a centaur warrior
 12546 | D:13     | Killed a centaur warrior
 12642 | D:13     | Gained mutation: You are in touch with the powers of death. [Mummy growth]
 12642 | D:13     | Reached XP level 13. HP: 87/98 MP: 22/22
 12876 | D:13     | Reached skill level 5 in Stealth
 13271 | D:14     | Noticed Frances
 13303 | D:14     | Killed Frances
 13313 | D:14     | Noticed Roxanne
 13622 | D:14     | Reached skill level 10 in Shields
 14451 | D:14     | Killed Roxanne
 14541 | D:14     | Learned a level 5 spell: Irradiate
 14542 | D:15     | Entered Level 15 of the Dungeon
 14582 | D:15     | Reached ****** piety under Vehumet
 14703 | D:15     | Reached XP level 14. HP: 51/105 MP: 2/23
 15065 | D:15     | Found a staircase to the Depths.
 15565 | D:15     | Offered knowledge of Spellforged Servitor by Vehumet.
 16452 | Orc:1    | Entered Level 1 of the Orcish Mines
 16453 | Orc:1    | Found Tuimusch's Weapon Emporium.
 16661 | Orc:2    | Entered Level 2 of the Orcish Mines
 17476 | Orc:2    | Found a roughly hewn altar of Beogh.
 17476 | Orc:2    | Noticed an orc warlord
 17523 | Orc:2    | Offered knowledge of Iron Shot by Vehumet.
 17563 | Orc:2    | Killed an orc warlord
 17622 | Orc:2    | Found Teid's Jewellery Emporium.
 17764 | Orc:2    | Found Xusse's Jewellery Boutique.
 18140 | Orc:2    | Found a roughly hewn altar of Beogh.
 18283 | Orc:2    | Found Ehet's Assorted Antiques.
 18350 | Orc:2    | Bought a scroll labeled AMNISY QOYRCHO for 25 gold pieces
 18356 | Orc:2    | Found Zummum's Antique Weapon Shoppe.
 18714 | Orc:2    | Offered knowledge of Poison Arrow by Vehumet.
 18718 | Orc:2    | Paralysed by an orc sorcerer for 3 turns
 18789 | Orc:2    | Found a staircase to the Elven Halls.
 19185 | Orc:2    | Bought a glowing leather armour for 125 gold pieces
 19185 | Orc:2    | Bought a glowing leather armour for 125 gold pieces
 19342 | Elf:1    | Entered Level 1 of the Elven Halls
 19541 | Elf:1    | Noticed a deep elf sorcerer
 19543 | Elf:1    | Reached XP level 15. HP: 110/110 MP: 24/24
 19549 | Elf:1    | Killed a deep elf sorcerer
 20118 | Elf:1    | Noticed a deep elf sorcerer
 20138 | Elf:1    | Killed a deep elf sorcerer
 20626 | Elf:1    | Reached skill level 15 in Shields
 21224 | Elf:2    | Noticed Asterion
 21280 | Elf:2    | Killed Asterion
 21592 | Elf:2    | Found a huge runed gate.
 21592 | Elf:2    | Found a huge runed gate.
 21592 | Elf:2    | Found a huge runed gate.
 21592 | Elf:2    | Found a huge runed gate.
 21595 | Elf:2    | Found a huge runed gate.
 21827 | Elf:2    | Noticed a deep elf blademaster
 21847 | Elf:2    | Killed a deep elf blademaster
 21970 | Elf:2    | Reached XP level 16. HP: 116/120 MP: 28/28
 22117 | Elf:2    | Noticed Saint Roka
 22163 | Elf:2    | Killed Saint Roka
 22909 | Elf:3    | Entered Level 3 of the Elven Halls
 22912 | Elf:3    | Found Worchifuq's Book Boutique.
 22945 | Elf:3    | Offered knowledge of Freezing Cloud by Vehumet.
 23234 | Elf:3    | Learned a level 3 spell: Spectral Weapon
 23341 | Elf:3    | Reached skill level 10 in Fighting
 23392 | Elf:3    | Cast into level 2 of the Abyss (a deep elf sorcerer)
 23395 | Abyss:2  | Found a corrupted altar of Lugonu.
 23518 | Abyss:2  | Noticed a tentacled starspawn
 23558 | Abyss:2  | Killed a tentacled starspawn
 23584 | Abyss:2  | Reached skill level 10 in Earth Magic
 23605 | Abyss:2  | Reached skill level 10 in Spellcasting
 23610 | Abyss:2  | Noticed a bone dragon
 23659 | Abyss:2  | Killed a bone dragon
 23979 | Abyss:2  | Noticed a tentacled starspawn
 24045 | Elf:3    | Escaped the Abyss
 24076 | Elf:3    | Reached skill level 10 in Dodging
 24176 | Elf:3    | Reached XP level 17. HP: 109/129 MP: 17/31
 24225 | Elf:3    | Noticed a deep elf master archer
 24241 | Elf:3    | Killed a deep elf master archer
 24342 | Elf:3    | Got a crystal scimitar {freeze}
 24388 | Elf:3    | Identified the cursed +2 scimitar "Caaquce" {freeze, Stlth+} (You took it off a deep elf mage on level 3 of the Elven Halls)
 24571 | Elf:3    | Offered knowledge of Lehudib's Crystal Spear by Vehumet.
 24571 | Elf:3    | Offered knowledge of Fire Storm by Vehumet.
 24571 | Elf:3    | Offered knowledge of Ignition by Vehumet.
 24691 | Elf:3    | Noticed a deep elf blademaster
 24732 | Elf:3    | Killed a deep elf blademaster
 24796 | Elf:3    | Identified the Reference Book on Lethal Flames
 24806 | Elf:3    | Got a smoking chain mail
 24813 | Elf:3    | Learned a level 2 spell: Blink
 24855 | Elf:3    | Got a warped plate armour
 24859 | Elf:3    | Got a crude scale mail
 25264 | Elf:3    | Identified the +5 chain mail of Music {rElec rC+ Int-4} (You found it on level 3 of the Elven Halls)
 25275 | Elf:3    | Identified the cursed +1 plate armour of Cuquhon {rPois rF+++ rC- MR++} (You found it on level 3 of the Elven Halls)
 25287 | Elf:3    | Identified the cursed +1 scale mail of Susonetu {Int+4 Dex+5} (You found it on level 3 of the Elven Halls)
 25473 | Elf:3    | Bought a manual of Earth Magic for 2097 gold pieces
 25655 | Lair:1   | Entered Level 1 of the Lair of Beasts
 26039 | Lair:1   | Noticed Joseph
 26055 | Lair:1   | Killed Joseph
 26501 | Lair:2   | Got a steaming lapis lazuli ring
 26535 | Lair:2   | Identified the ring "Ekkyacio" {AC+3 Str+5} (You found it on level 2 of the Lair of Beasts)
 27089 | Lair:2   | Learned a level 6 spell: Iron Shot
 28079 | Lair:4   | Found a staircase to the Swamp.
 28595 | Lair:4   | Found a staircase to the Snake Pit.
 29472 | Lair:5   | Noticed Urug
 29483 | Lair:5   | Killed Urug
 30261 | Lair:6   | Entered Level 6 of the Lair of Beasts
 30321 | Lair:6   | Found a runed gate.
 30321 | Lair:6   | Found a runed gate.
 30345 | Lair:6   | Found a runed gate.
 30349 | Lair:6   | Noticed Uwohoex's ghost (journeyman TrMo)
 30748 | Lair:6   | Reached XP level 18. HP: 138/138 MP: 22/33
 30911 | Lair:6   | Learned a level 6 spell: Deflect Missiles
 31243 | Lair:6   | Found a staircase to the Slime Pits.
 31605 | Lair:6   | Reached skill level 15 in Earth Magic
 31907 | Swamp:1  | Entered Level 1 of the Swamp
 31907 | Swamp:1  | Noticed a tentacled monstrosity
 31929 | Swamp:1  | Killed a tentacled monstrosity
 34673 | Swamp:4  | Entered Level 4 of the Swamp
 35204 | Swamp:4  | Reached XP level 19. HP: 132/147 MP: 4/36
 35564 | Swamp:4  | Got a decaying rune of Zot
 35917 | Snake:1  | Entered Level 1 of the Snake Pit
 35996 | Snake:1  | Found Umophyrch's Gadget Boutique.
 35996 | Snake:1  | Found Anarojum's Jewellery Emporium.
 35997 | Snake:1  | Found Apates's Jewellery Emporium.
 36010 | Snake:1  | Bought a +5 ring of protection for 550 gold pieces
 36417 | Snake:1  | Noticed Louise
 36426 | Snake:1  | Cast into level 2 of the Abyss (Louise)
 36458 | Abyss:2  | Noticed a lich
 36472 | Abyss:2  | Killed a lich
 36668 | Snake:1  | Escaped the Abyss
 36691 | Snake:1  | Killed Louise
 37513 | Snake:2  | Noticed Vashnia
 37551 | Snake:2  | Killed Vashnia
 37593 | Snake:2  | Got an encrusted short sword
 38933 | Snake:3  | Reached skill level 15 in Spellcasting
 39299 | Snake:3  | Reached XP level 20. HP: 159/159 MP: 39/39
 40172 | Snake:4  | Entered Level 4 of the Snake Pit
 40987 | Snake:4  | Got a serpentine rune of Zot
 41474 | Snake:4  | Reached skill level 15 in Fighting
 42117 | Slime:1  | Entered Level 1 of the Pits of Slime
 42310 | Slime:2  | Paralysed by a floating eye for 4 turns
 42920 | Slime:5  | Entered Level 5 of the Pits of Slime
 44077 | Slime:5  | Noticed the Royal Jelly
 44233 | Slime:5  | Reached skill level 15 in Dodging
 44373 | Slime:3  | Reached skill level 1 in Charms
 44373 | Slime:3  | Reached skill level 1 in Air Magic
 44541 | Slime:2  | Reached XP level 21. HP: 166/168 MP: 37/41
 46800 | Slime:5  | Found a viscous altar of Jiyva.
 47183 | Slime:5  | Found the +4 dagger "Morg" {pain, MR+ Int+5}
 47192 | Slime:5  | Killed the Royal Jelly
 48021 | Slime:5  | Got a slimy rune of Zot
 48105 | Slime:5  | Got a transparent amethyst amulet
 48106 | Slime:5  | Identified the Handbook of Ghastly Ice
 48801 | Depths:1 | Entered Level 1 of the Depths
 48805 | Depths:1 | Got an ebony lajatang
 48807 | Depths:1 | Identified the amulet "Piod" {RegenMP Slay+2} (You found it on level 5 of the Pits of Slime)
 48818 | Depths:1 | Identified the cursed +2 lajatang "Qiude Ecodi" {slice, SInv} (You found it on level 1 of the Depths)
 48865 | Depths:1 | Found a one-way gate leading to the halls of Pandemonium.
 49024 | Depths:1 | Reached skill level 5 in Conjurations
 49628 | Depths:1 | Learned a level 8 spell: Lehudib's Crystal Spear
 49742 | Depths:1 | Got an encrusted long sword
 49756 | Depths:1 | Identified the cursed +1 long sword "Puagoma" {antimagic, rC- Dex+2 Stlth+} (You found it on level 1 of the Depths)
 50153 | Depths:1 | Got a bloodstained hunting sling
 50154 | Depths:1 | Identified the +8 hunting sling of the Owl {flame, Int+5} (You found it on level 1 of the Depths)
 50514 | Depths:1 | Reached XP level 22. HP: 161/175 MP: 32/42
 50728 | Depths:1 | Found a gateway to Hell.
 50745 | Depths:1 | Identified Sif Muna's Collected Works on the Feathery Compass
 50862 | Depths:1 | Learned a level 3 spell: Ozocubu's Armour
 51284 | Depths:2 | Reached skill level 10 in Conjurations
 51287 | Depths:2 | Noticed a juggernaut
 51320 | Depths:2 | Killed a juggernaut
 52764 | Depths:2 | Got a faintly glowing falchion
 53846 | Depths:2 | Identified the +7 falchion "Keuloeni" {drain, MR++} (You found it on level 2 of the Depths)
 53939 | Depths:3 | Paralysed by an ogre mage for 5 turns
 54524 | Depths:3 | Noticed the Enchantress
 54544 | Depths:3 | Killed the Enchantress
 54562 | Depths:3 | Got faerie dragon scales
 54857 | Depths:3 | Got a crystal morningstar {venom}
 54859 | Depths:3 | Identified the +3 faerie dragon scales {rN+ rCorr MP+10} (You took it off the Enchantress on level 3 of the Depths)
 55224 | Depths:3 | Found a one-way gate to the infinite horrors of the Abyss.
 55588 | Depths:3 | Got a pair of jewelled boots
 55599 | Depths:3 | Identified the +1 pair of boots "Fihu" {rF+} (You found it on level 3 of the Depths)
 55665 | Depths:3 | Found a bloodstained altar of Trog.
 55728 | Depths:3 | Learned a level 1 spell: Apportation
 56198 | Depths:3 | Reached XP level 23. HP: 156/181 MP: 20/43
 57132 | Depths:4 | Got a spiked chain mail
 57312 | Depths:4 | Found a gateway to a ziggurat.
 57370 | Depths:4 | Reached skill level 15 in Conjurations
 58126 | Depths:4 | Identified the +2 chain mail "Pagumil" {*Drain +Blink rElec Int+3} (You took it off a tengu warrior on level 4 of the Depths)
 58580 | Depths:5 | Entered Level 5 of the Depths
 58686 | Depths:5 | Found a flickering gateway to a bazaar.
 58958 | Depths:5 | Found Neazum's Weapon Shoppe.
 58965 | Depths:5 | Found Nebigh's Assorted Antiques.
 59407 | Depths:5 | Found a gate to the Realm of Zot.
 60103 | Zot:1    | Entered Level 1 of the Realm of Zot
 60111 | Zot:1    | Reached XP level 24. HP: 155/189 MP: 18/43
 60909 | Orc:2    | Bought a +2 ring of slaying for 315 gold pieces
 61829 | Zot:3    | Slain by a death cob

Vault maps used:
D:1:      minmay_arrival_plants_in_alcoves
D:2:      okawaru_ov_weapons_minmay, yredelemnul_forgotten_temple_becter,
          first_ration, chequers_ecumenical_altar_twisty
D:3:      gup_sewer_entry_bubbles, minmay_box_of_dots
D:4:      kennysheep_mini, minmay_temple_entry_junction,
          hangedman_decor_opposing, minmay_guarded_unrand_vampires_tooth,
          uniq_blork_the_orc, uniq_edmund
D:5:      amethyst_overflow_temple_binary, elyvilon_altar_5,
          palyth_stone_intersect
D:6:      minmay_goblin_kobold_castle, nicolae_overflow_crystal_walls
D:7:      cheibrodos_fzero, old_standard_altar, lemuel_coloured_pillars_altar
D:8:      old_standard_altar, basic_altar, hex_tiny, grunt_ogre_cave,
          nicolae_dithmenos_through_a_glass_darkly
D:9:      tso_oasis_becter, fedhas_altar_4, uniq_maurice
D:10:     erik_lair_orcish_takeover, erik_orc_4
D:11:     wad_pebble_path, uniq_snorg
D:12:     serial_shops, kennysheep_mini_moat, lemuel_flamethrower_hall,
          uniq_rupert, uniq_nergalle
D:13:     erik_vaults_2
D:14:     minmay_misc_feat_five, nrook_loot_triangle, uniq_frances, uniq_roxanne
D:15:     grunt_enter_depths_hoard, serial_bayou_pond_d
Temple:   jpeg_temple_clearing
Lair:1:   lemuel_ratsnest, minivault_23, beast_lair_carwin_4,
          grunt_megastairs_1, lemuel_fruit_fields, uniq_joseph
Lair:2:   dragon1_lemuel, infiniplex_staircase_pool_2
Lair:3:   lemuel_fruit_fields, lemuel_fruit_fields
Lair:4:   pond_and_an_island_with_a_cottage, swamp_mist,
          guppyfry_snake_entry_island, beast_lair_carwin_7
Lair:5:   worms_lemuel, lemuel_fruit_fields, grunt_megastairs_3, uniq_urug
Lair:6:   grunt_lair_end_beastmaster, nicolae_slime_entry_slimehenge,
          gammafunk_ghost_necromancy
Swamp:1:  evilmike_swamp_ruin_house_5, hangedman_swamp_diagram, swamp_pool5
Swamp:2:  hangedman_swamp_lotus, swamp_pool4, hangedman_swamp_blocks
Swamp:3:  nicolae_swamp_trees_clearing, st_shrine_of_shade
Swamp:4:  swamp, swamp_pool5, nicolae_swamp_alligator_family
Snake:1:  nicolae_snake_hallway, minmay_shop_grove, uniq_louise
Snake:2:  uniq_vashnia
Snake:4:  snake_pit, grunt_ministairs_7
Orc:1:    serial_shops, shop
Orc:2:    pubby_orc_utopia
Elf:1:    eino_elf_arrival_customs, kennysheep_underground_church,
          minivault_25_ag
Elf:2:    serial_glass, glass_columns_a, glass_columns_b, minivault_25_ag,
          uniq_saint_roka, uniq_asterion
Elf:3:    minmay_elf_hall_quartered_circle, portal_ice_cave_entry_horrid_things,
          serial_shops, shop
Depths:1: vault_1, lightli_too_deep, pan_entry, minmay_strange_pillars,
          kennysheep_generic_room_6
Depths:2: hangedman_cross_veins, hell_entry, minmay_pinched_square
Depths:3: spriggan_forest, pan_entry, hell_entry, abyss_entry
Depths:4: minmay_connected_boxes_in_corner, enter_ziggurat_f,
          infiniplex_staircase_zigzag_4, abyss_entry, hell_entry,
          grunt_pan_entry_spiral, minmay_misc_feat_roman, serial_bayou_shore_a
Depths:5: evilmike_zot_entry_gauntlet, hangedman_decor_push, serial_shops,
          bzr_entry_safe, grunt_hell_entry_dis_mu, minmay_shoptagon
Zot:3:    grunt_ministairs_3, hangedman_zot_decor_slant, basic_stair_grate_trap
Abyss:2:  hangedman_abyss_stitches_cave, evilmike_abyss_exit_11,
          due_exit_kobolds
Sewer:    sewer_co_tree

Skill      XL: |  1  2  3  4  5  6  7  8  9 10 11 12 13 14 15 16 17 18 19 20 21 22 23 |
---------------+----------------------------------------------------------------------+-----
Spellcasting   | 3 4 5 6 8 10 11 13 15 16 | 16.8
Earth Magic    | 3 4 5 6 8 10 14 16 | 16.8
Short Blades   | 2 6 8 |  8.0
Shields        | 4 5 8 11 14 15 | 15.0
Fighting       | 6 8 9 10 11 12 14 15 | 15.5
Dodging        | 5 8 9 10 11 12 15 | 15.4
Transmutations | 1 4 |  4.0
Conjurations   | 1 4 8 13 16 | 16.8
Stealth        | 2 4 7 8 |  8.0
Charms         | 1 4 |  4.0
Air Magic      | 1 4 |  4.0

Action                   |  1- 3 |  4- 6 |  7- 9 | 10-12 | 13-15 | 16-18 | 19-21 | 22-24 || total
-------------------------+-------+-------+-------+-------+-------+-------+-------+-------++-------
Melee: Unarmed           |     2 |       |       |       |       |       |       |       ||     2
       Hand axe          |    60 |   151 |    35 |       |       |       |       |       ||   246
       Quick blade       |       |       |   313 |  1059 |  2073 |  3285 |  3850 |  1834 || 12414
       Staff             |       |       |       |       |       |       |       |     1 ||     1
 Cast: Sandblast         |    16 |    46 |     4 |     3 |     1 |    10 |       |       ||    80
       Passwall          |     2 |       |       |     5 |     4 |     1 |     1 |     2 ||    15
       Lee's Rapid Decon |       |       |    19 |    25 |    89 |    49 |    27 |    76 ||   285
       Petrify           |       |       |     3 |       |     2 |     2 |     4 |       ||    11
       Sticks to Snakes  |       |       |       |       |     1 |       |       |       ||     1
       Irradiate         |       |       |       |       |     9 |    37 |    49 |    80 ||   175
       Iron Shot         |       |       |       |       |       |    71 |   194 |   121 ||   386
       Blink             |       |       |       |       |       |     7 |     4 |       ||    11
       Deflect Missiles  |       |       |       |       |       |       |     1 |       ||     1
       Ozocubu's Armour  |       |       |       |       |       |       |       |     1 ||     1
       Lehudib's Crystal |       |       |       |       |       |       |       |    52 ||    52
       Apportation       |       |       |       |       |       |       |       |     1 ||     1
Evoke: Wand              |       |       |     4 |     9 |     7 |       |     3 |     1 ||    24
       Phial of floods   |       |       |       |       |       |       |     1 |       ||     1
  Use: Scroll            |       |    11 |       |     5 |     5 |     8 |    16 |    12 ||    57
 Stab: Sleeping          |     2 |     2 |     2 |    10 |    15 |    24 |    20 |     4 ||    79
       Petrified         |       |       |     3 |       |     1 |     2 |     5 |       ||    11
       Paralysed         |       |       |     3 |     3 |       |       |       |       ||     6
       Distracted        |       |       |       |       |     2 |     2 |     1 |     3 ||     8
       Petrifying        |       |       |       |       |     2 |       |       |       ||     2
       Confused          |       |       |       |       |       |     2 |     1 |       ||     3
Armor: Robe              |    17 |    28 |    25 |   108 |    56 |   186 |   355 |   223 ||   998
       Leather armour    |       |       |       |       |    52 |       |       |       ||    52
       Ring mail         |       |       |       |       |    57 |    84 |       |       ||   141
Dodge: Dodged            |    69 |   150 |   174 |   255 |   268 |   629 |  1112 |   540 ||  3197
       Deflected         |       |       |       |       |    15 |    26 |   120 |    26 ||   187
Block: Buckler           |       |       |     1 |    11 |       |       |       |       ||    12
       Shield            |       |       |       |   186 |   643 |  1273 |  1750 |   709 ||  4561
       Reflection        |       |       |       |       |    51 |    36 |   121 |       ||   208
       Large shield      |       |       |       |       |       |       |     5 |       ||     5

Table legend:
 A = Spawn XP
 B = Non-spawn XP
 C = Spawn XP percentage of total XP
 D = Spawn monster count
 E = Non-spawn monster count
 F = Spawn count percentage of total count
 G = Total turns spent on level
                    A         B        C        D         E        F      G
               +---------+---------+-------+---------+---------+-------+---------
         Total |   19432 | 1001238 |   1.9 |      29 |    2144 |   1.3 | 61829
               +---------+---------+-------+---------+---------+-------+---------
           D:1 |       0 |      31 |   0.0 |       0 |      15 |   0.0 |   921
           D:2 |       0 |      51 |   0.0 |       0 |      16 |   0.0 |   789
           D:3 |       0 |     299 |   0.0 |       0 |      47 |   0.0 |  1243
           D:4 |       0 |     244 |   0.0 |       0 |      10 |   0.0 |   629
           D:5 |       0 |     701 |   0.0 |       0 |      22 |   0.0 |  1000
           D:6 |       0 |    1145 |   0.0 |       0 |      79 |   0.0 |  1132
           D:7 |       0 |    3138 |   0.0 |       0 |      44 |   0.0 |   818
           D:8 |       0 |    1640 |   0.0 |       0 |      19 |   0.0 |   847
           D:9 |       0 |    2797 |   0.0 |       0 |      27 |   0.0 |  1097
          D:10 |       0 |    2883 |   0.0 |       0 |      43 |   0.0 |  1153
          D:11 |       0 |    3146 |   0.0 |       0 |      41 |   0.0 |   831
          D:12 |       0 |    5089 |   0.0 |       0 |      21 |   0.0 |  1223
          D:13 |       0 |   17764 |   0.0 |       0 |      43 |   0.0 |  1268
          D:14 |       0 |   17487 |   0.0 |       0 |      42 |   0.0 |  1632
          D:15 |       0 |   20090 |   0.0 |       0 |      37 |   0.0 |  1928
        Lair:1 |       0 |    2354 |   0.0 |       0 |      51 |   0.0 |   966
        Lair:2 |       0 |    2930 |   0.0 |       0 |      14 |   0.0 |   967
        Lair:3 |       0 |    2420 |   0.0 |       0 |      14 |   0.0 |   832
        Lair:4 |       0 |   13391 |   0.0 |       0 |      52 |   0.0 |  1406
        Lair:5 |       0 |   10109 |   0.0 |       0 |      39 |   0.0 |  1422
        Lair:6 |       0 |   17754 |   0.0 |       0 |      55 |   0.0 |  1379
       Swamp:1 |       0 |   12477 |   0.0 |       0 |      30 |   0.0 |   879
       Swamp:2 |       0 |   15656 |   0.0 |       0 |      59 |   0.0 |  1070
       Swamp:3 |       0 |   17286 |   0.0 |       0 |      46 |   0.0 |   879
       Swamp:4 |       0 |   32937 |   0.0 |       0 |      62 |   0.0 |  1144
       Snake:1 |       0 |   22664 |   0.0 |       0 |      42 |   0.0 |  1208
       Snake:2 |       0 |   32961 |   0.0 |       0 |      43 |   0.0 |  1454
       Snake:3 |       0 |   35959 |   0.0 |       0 |      57 |   0.0 |  1630
       Snake:4 |       0 |   41918 |   0.0 |       0 |      59 |   0.0 |  1847
       Slime:1 |       0 |   10966 |   0.0 |       0 |      15 |   0.0 |   322
       Slime:2 |       0 |   17576 |   0.0 |       0 |      17 |   0.0 |   691
       Slime:3 |       0 |   14101 |   0.0 |       0 |      26 |   0.0 |  1004
       Slime:4 |       0 |   37405 |   0.0 |       0 |      75 |   0.0 |  2705
       Slime:5 |       0 |   37682 |   0.0 |       0 |      30 |   0.0 |  1666
         Orc:1 |       0 |    1880 |   0.0 |       0 |      23 |   0.0 |   487
         Orc:2 |       0 |   19059 |   0.0 |       0 |     152 |   0.0 |  2589
         Elf:1 |       0 |   23664 |   0.0 |       0 |      37 |   0.0 |  1593
         Elf:2 |       0 |   46002 |   0.0 |       0 |      69 |   0.0 |  2061
         Elf:3 |       0 |   71681 |   0.0 |       0 |      80 |   0.0 |  1922
      Depths:1 |       0 |   67873 |   0.0 |       0 |      84 |   0.0 |  2290
      Depths:2 |       0 |   72566 |   0.0 |       0 |      75 |   0.0 |  2429
      Depths:3 |       0 |   58736 |   0.0 |       0 |     107 |   0.0 |  2515
      Depths:4 |       0 |   85019 |   0.0 |       0 |      95 |   0.0 |  2025
      Depths:5 |       0 |   56637 |   0.0 |       0 |      59 |   0.0 |  1758
         Zot:1 |       0 |   11901 |   0.0 |       0 |      11 |   0.0 |   105
         Zot:2 |       0 |   11909 |   0.0 |       0 |       8 |   0.0 |   388
         Zot:3 |       0 |    7938 |   0.0 |       0 |       6 |   0.0 |    27
       Abyss:2 |   19432 |   10983 |  63.9 |      29 |      18 |  61.7 |   895
         Sewer |       0 |     339 |   0.0 |       0 |      28 |   0.0 |   744
               +---------+---------+-------+---------+---------+-------+---------
